 Dungeon Crawl Stone Soup version 0.24-a0-397-g73b976d (webtiles) character file.

Game seed: 2301003234050675872

289 r3xj the Magician (level 6, -13/32 HPs)
             Began as a Deep Elf Fire Elementalist on June 5, 2019.
             Mangled by an ogre
             ... wielding a +0 giant club
              (15 damage)
             ... on level 7 of the Dungeon.
             The game lasted 00:14:22 (2854 turns).

r3xj the Magician (Deep Elf Fire Elementalist)      Turns: 2854, Time: 00:14:23

Health: -13/32     AC:  4    Str:  5    XL:     6   Next: 9%
Magic:  14/17      EV: 13    Int: 22    God:
Gold:   71         SH:  0    Dex: 15    Spells: 16/17 levels left

rFire    . . .     SeeInvis .   m - +0 short sword
rCold    . . .     Gourm    .   (no shield)
rNeg     . . .     Faith    .   a - +0 robe
rPois    .         Spirit   .   (no helmet)
rElec    .         Reflect  .   (no cloak)
rCorr    .         Harm     .   (no gloves)
MR       .....                  b - +1 pair of boots
Stlth    ++........             (no amulet)
HPRegen  0.10/turn              (no ring)
MPRegen  0.15/turn              (no ring)

@: no status effects
A: no striking features
a: no special abilities


You were on level 7 of the Dungeon.
You were not hungry.

You visited 1 branch of the dungeon, and saw 5 of its levels.

You collected 71 gold pieces.

Inventory:

Hand Weapons
 l - a +0 dagger
 m - a +0 short sword (weapon)
Armour
 a - a +0 robe (worn)
 b - a +1 pair of boots (worn)
 i - a +0 pair of boots
 r - a cursed -1 buckler
Scrolls
 f - 3 scrolls of amnesia {unknown}
 g - 2 scrolls of magic mapping {unknown}
 n - a scroll of remove curse {unknown}
 o - a scroll of random uselessness {unknown}
 p - a scroll of identify {unknown}
Potions
 d - a potion of cancellation {unknown}
 e - a potion of brilliance {unknown}
 h - a potion of might {unknown}
 j - 2 potions of curing {unknown}
 k - 3 potions of lignification {unknown}
 q - a potion of degeneration {unknown}
Comestibles
 c - 7 rations


   Skills:
 - Level 2.4 Dodging
 - Level 2.4 Stealth
 + Level 6.4 Spellcasting
 - Level 1.1 Conjurations
 + Level 5.8 Fire Magic


You had 16 spell levels left.
You knew the following spells:

 Your Spells              Type           Power        Failure   Level  Hunger
a - Flame Tongue          Conj/Fire      ###..        2%          1    None

Your spell library contained the following spells:

 Spells                   Type           Power        Failure   Level  Hunger
 Throw Flame              Conj/Fire      ###...       3%          2    None
 Conjure Flame            Conj/Fire      ###.....     6%          3    #......
 Inner Flame              Hex/Fire       ###.....     8%          3    #......
 Sticky Flame             Conj/Fire      ###.....     22%         4    ###....
 Fireball                 Conj/Fire      ###.......   52%         5    #####..


Dungeon Overview and Level Annotations

Branches:
Dungeon (7/15)
 Temple: D:4-7

Altars:
Zin

Shops:
D:3 *

Annotations:
D:6 Sigmund


Message History

The ogre hits you with a +0 giant club!!
Ouch! That really hurt!
* * * LOW HITPOINT WARNING * * *
Casting: Flame Tongue (safe; 2% risk of failure)
Confirm with . or Enter, or press ? or * to list all spells.
Aiming: Flame Tongue (safe; 2% risk of failure)
Press: ? - help, Shift-Dir - straight line, f/p - ogre
Aim: an ogre, wielding a +0 giant club (moderately wounded)
The flame tongue hits the ogre.
The ogre is heavily wounded.
The kobold shouts!
Casting: Flame Tongue (safe; 2% risk of failure)
Confirm with . or Enter, or press ? or * to list all spells.
Aiming: Flame Tongue (safe; 2% risk of failure)
Press: ? - help, Shift-Dir - straight line, f/p - ogre
Aim: an ogre, wielding a +0 giant club (heavily wounded)
The flame tongue hits the ogre.
The ogre is severely wounded.
The ogre hits you with a +0 giant club!
You die...

... . ....
.. ##....
...
###......
...
+........
..
#........
#.#O.....#
+..@.....#
##.##....#
... .....
...#. ###.
.....+.
.... ##
..K ...


You could see an ogre and a kobold.

Vanquished Creatures
  An ice beast (D:6)
  A phantom (D:6)
  An iguana (D:6)
  An adder (D:2)
  An ooze (D:1)
  2 worms
  3 dart slugs
  An orc (D:3)
  6 giant cockroaches
  3 goblins (D:1)
  7 hobgoblins
  3 jackals (D:2)
  3 quokkas (D:3)
  A ball python (D:3)
  5 bats
  3 frilled lizards
  9 kobolds
  7 rats
58 creatures vanquished.

Notes
Turn   | Place    | Note
-------+----------+-------------------------------------------
     0 | D:1      | r3xj the Deep Elf Fire Elementalist began the quest for the
                  | Orb.
     0 | D:1      | Reached XP level 1. HP: 10/10 MP: 6/6
   191 | D:1      | Reached XP level 2. HP: 15/15 MP: 5/8
   442 | D:1      | Reached skill level 4 in Spellcasting
  1203 | D:2      | Reached XP level 3. HP: 19/19 MP: 8/10
  1962 | D:3      | Found Zin's Purification Station.
  1967 | D:3      | Found a glowing silver altar of Zin.
  2057 | D:3      | Reached XP level 4. HP: 24/24 MP: 10/12
  2475 | D:3      | You fall into a shaft and drop 3 floors!
  2475 | D:6      | Noticed Sigmund
  2476 | D:6      | Noticed a bullfrog
  2481 | D:6      | Noticed an orc warrior
  2612 | D:6      | Noticed an ice beast
  2618 | D:6      | Killed an ice beast
  2618 | D:6      | Reached skill level 5 in Spellcasting
  2618 | D:6      | Reached skill level 5 in Fire Magic
  2618 | D:6      | Reached XP level 5. HP: 28/28 MP: 9/15
  2661 | D:6      | Noticed a phantom
  2680 | D:6      | Killed a phantom
  2680 | D:6      | Reached skill level 6 in Spellcasting
  2794 | D:6      | Reached XP level 6. HP: 21/32 MP: 10/17
  2854 | D:7      | Mangled by an ogre

Levels and vault maps discovered:
D:1:      dpeg_arrival_morbid_curiosity, layout_basic, st_stairs_1
D:2:      layout_basic, first_ration
D:3:      layout_basic, zin_purify, cheibriados_altar_1
D:6:      layout_basic, minmay_temple_entry_stoned_glass, uniq_menkaure,
          uniq_grinder, uniq_sigmund
D:7:      mumra_celtic_spiral_tile, layout_basic, grunt_qazlal_clouds,
          the_bakery

Skill      XL: |  1  2  3  4  5 |
---------------+----------------+-----
Spellcasting   | 4 5 6 |  6.4
Fire Magic     | 4 5 |  5.8
Dodging        | |  2.4
Stealth        | |  2.4
Conjurations   | |  1.1

Action                   |  1- 3 |  4- 6 || total
-------------------------+-------+-------++-------
Melee: Unarmed           |     2 |       ||     2
 Cast: Flame Tongue      |    96 |    49 ||   145
  Eat: Chunk             |     3 |     3 ||     6
Armor: Robe              |    18 |     2 ||    20
Dodge: Dodged            |    35 |    10 ||    45

Table legend:
 A = Non-vault XP
 B = Vault XP
 C = Vault XP percentage of total XP
 D = Non-vault monster count
 E = Vault monster count
 F = Vault count percentage of total count
                 A         B        C        D         E       F
            +---------+---------+-------+---------+---------+-------
      Total |     402 |      11 |   2.7 |      52 |       6 |  10.3
            +---------+---------+-------+---------+---------+-------
        D:1 |      29 |      11 |  27.5 |      16 |       6 |  27.3
        D:2 |      46 |       0 |   0.0 |      18 |       0 |   0.0
        D:3 |      30 |       0 |   0.0 |      14 |       0 |   0.0
        D:6 |     297 |       0 |   0.0 |       4 |       0 |   0.0
            +---------+---------+-------+---------+---------+-------
